AoeStats
← Champy

Arena

510243166Analyzed
1v1 RM · 3d ago on Sep 30, 2026· 20m 17s· 2 players
Game mode
Random Map
Map size
Tiny (2 player)
Population
200
Speed
Normal
Resources
Standard
Victory
Conquest
Starting age
Dark Age
Ending age
Imperial Age
RankedLock teamsTeams togetherTeam positionsShared explorationLock speedFull tech treeHidden civsTurbo modeCheats
Victory
Defeat
🇺🇸 Burgundians · United States
1192
+15
🇵🇹 Lithuanians · Portugal
1170
-15
Champy
10:08 Feudal Age
13:53 Castle Age
12:13 Double-Bit Axe
12:23 Horse Collar
15:01 Bow Saw
sinogroot
3:25 Double-Bit Axe
7:23 Horse Collar
11:38 Feudal Age
15:21 Castle Age
13:45 Bow Saw
15:54 Light Cavalry
19:56 Heavy Plow
Connection lost

Rejoining the realm…

Still unreachable

The connection could not be restored.

Session expired

The server has moved on; the page needs a fresh start.